 Dungeon Crawl Stone Soup version 0.29-a0-322-g68df515428 (webtiles) character file.

Game seed: 13427744673760881660

1157 wakim the Insei (level 8, -7/54 HPs)
             Began as an Octopode Transmuter on Apr 9, 2022.
             Engulfed by a steam dragon's steam (8 damage)
             ... on level 6 of the Dungeon.
             The game lasted 00:19:40 (6769 turns).

wakim the Insei (Octopode Transmuter)               Turns: 6769, Time: 00:19:40

Health: -7/54      AC:  2    Str: 10    XL:     8   Next: 39%
Magic:  10/12      EV: 23    Int: 17    God:
Gold:   139        SH:  0    Dex: 17    Spells: 1/13 levels left

rFire   . . .      SeeInvis .     - Unarmed
rCold   . . .      Faith    .   (shield currently unavailable)
rNeg    . . .      Spirit   .   (helmet currently unavailable)
rPois   x          Reflect  .   (no amulet)
rElec   .          Harm     .   W - +4 ring of evasion
rCorr   .          Rampage  .   (no ring)
Will    .....                   (no ring)
Stlth   ++........              (no ring)
HPRegen 0.18/turn               (no ring)
MPRegen 0.13/turn               (no ring)
                                (no ring)
                                (no ring)

@: spider-form
A: venomous fangs, almost no armour, (amphibious), 8 rings, tiny, (camouflage
1), (gelatinous body 1), (nimble swimmer 1), (tentacles)
a: End Transformation


You were on level 6 of the Dungeon.
You were a venomous arachnid creature.
You visited 1 branch of the dungeon, and saw 6 of its levels.

You collected 235 gold pieces.
You spent 96 gold pieces at shops.

Inventory:

Hand Weapons
 a - a +5 trident of flaming
 b - a +0 hunting sling of venom (melded)
Jewellery
 W - a +4 ring of evasion (left front leg)
Wands
 v - a wand of flame (4)
Scrolls
 r - 3 scrolls of identify
 T - 4 scrolls of teleportation
Potions
 A - a potion of ambrosia
 B - a potion of attraction {!q}
 F - a potion of curing
 G - a potion of flight
 H - a potion of haste
 J - a potion of heal wounds
 K - a potion of magic
 L - a potion of lignification {!q}
 O - a potion of invisibility


   Skills:
 + Level 4.0 Fighting
 - Level 2.0 Dodging
 - Level 3.0 Stealth
 + Level 5.6 Unarmed Combat
 - Level 3.0 Spellcasting
 * Level 5.6 Transmutations
 + Level 2.7 Ice Magic
 + Level 1.8 Earth Magic


You had one spell level left.
You knew the following spells:

 Your Spells              Type           Power      Damage    Failure   Level
a - Beastly Appendage     Tmut           42%        N/A       7%          1
b - Petrify               Tmut/Erth      15%        N/A       58%         4
c - Ice Form              Ice/Tmut       16%        N/A       52%         4
x - Spider Form           Tmut/Pois      12%        N/A       34%         3

Your spell library contained the following spells:

 Spells                   Type           Power      Damage    Failure   Level
 Wereblood                Tmut           21%        N/A       10%         2
 Metabolic Englaciation   Hex/Ice        3%         N/A       99%         5
 Statue Form              Tmut/Erth      10%        N/A       100%        6


Dungeon Overview and Level Annotations

Branches:
Dungeon (6/15)             Temple (0/1) D:6

Altars:
Wu Jian

Shops:
D:5 *

Annotations:
D:5 2 transporters


Innate Abilities, Weirdness & Mutations

You are a venomous arachnid creature.
You have poisonous fangs.
You are tiny and dextrous.
Your spellcasting is less reliable in this form.
Your armour is entirely melded.
You are incapable of wielding weapons or throwing items.
You cannot wear most types of armour.
((You are amphibious.))
You can wear up to eight rings at the same time.
((Your skin changes colour to match your surroundings (Stealth+).))
((Your rubbery body absorbs attacks. (AC +1, EV +1)))
((You are camouflaged when in or above water. (Stealth+)))
((You have tentacles for arms and can constrict up to eight enemies at once.))


Message History

The steam dragon bites you.
The steam dragon barely misses you. 46/54 (-8)
You hit the steam dragon but do no damage.
The steam dragon looks even sicker.
The steam dragon is lightly wounded.
You are engulfed in a cloud of scalding steam.
The steam dragon misses you.
The steam dragon closely misses you. 37/54 (-9)
You hit the steam dragon but do no damage.
The steam dragon looks as sick as possible!
The steam dragon is moderately wounded.
You are engulfed in a cloud of scalding steam.
The steam dragon misses you.
The steam dragon completely misses you. 32/54 (-5)
You hit the steam dragon but do no damage.
The steam dragon looks as sick as possible!
The steam dragon is moderately wounded.
You are engulfed in a cloud of scalding steam.
The steam dragon completely misses you.
The steam dragon barely misses you. 29/54 (-3)
You hit the steam dragon.
The steam dragon looks as sick as possible!
The steam dragon is heavily wounded. 30/54 (+1)
You hit the steam dragon but do no damage.
The steam dragon looks as sick as possible!
The steam dragon is severely wounded.
The steam dragon barely misses you. x2
You hit the steam dragon.
The steam dragon is severely wounded.
The steam dragon breathes steam at you. The ball of steam hits you!!
* * * LOW HITPOINT WARNING * * *
11/54 (-19)
The steam dragon attacks as you move away!
The steam dragon bites you!
* * * LOW HITPOINT WARNING * * *
The steam dragon completely misses you.
You are engulfed in a cloud of scalding steam.
You die...

*** ,,** ,,,*
**** ,,,* **,,**
,,** *,,,,# ,,**
#######*,,.# ,,,*
##.....#*,.#*
,,,*
#...§§§##..##
,,,*
#..§§.s§D...#
,,**
***##..§§§##...#
,,**
**,,*#.....#*,.##
,,,*
*,,,.......#*,,#*
,,,*
*,,.........,,,,*
,,,*
**,.##......,,,,*
,,,*
**,,*#.....#*,,**
,,**
*,,,*#.....#*,,**
,,**
*,,,*,,,,,,,*,,,*


You could see a steam dragon (extremely poisoned, catching breath).

Vanquished Creatures
  A black bear (D:5)
  An ogre (D:5)
  A phantom (D:5)
  2 scorpions
  3 howler monkeys
  2 hounds
  6 orc priests
  3 iguanas
  Natasha (thrice) (D:3)
  4 orc wizards
  3 gnolls
  3 adders
  A shadow imp (D:5)
  A white imp (D:5)
  An ufetubus (D:4)
  3 worms
  2 dart slugs
  14 orcs
  11 ball pythons
  5 endoplasms
  4 giant cockroaches
  9 goblins
  5 hobgoblins
  5 jackals
  8 quokkas
  3 bats
  4 frilled lizards
  12 kobolds
  5 rats
125 creatures vanquished.

Notes
Turn   | Place    | Note
-------+----------+-------------------------------------------
     0 | D:1      | wakim the Octopode Transmuter began the quest for the Orb.
     0 | D:1      | Reached XP level 1. HP: 13/13 MP: 3/3
   328 | D:1      | Reached skill level 1 in Stealth
   357 | D:1      | Reached XP level 2. HP: 18/18 MP: 3/5
   452 | D:1      | !bestwep
  1423 | D:1      | Reached XP level 3. HP: 18/23 MP: 6/6
  2004 | D:2      | Reached XP level 4. HP: 22/29 MP: 5/7
  2096 | D:2      | Learned a level 3 spell: Spider Form
  2359 | D:2      | Found a faded altar of an unknown god.
  2872 | D:3      | !bestwep
  2999 | D:3      | Reached XP level 5. HP: 23/34 MP: 6/8
  3251 | D:3      | !bestwep
  3429 | D:3      | Learned a level 4 spell: Ice Form
  3669 | D:3      | Noticed Natasha
  3676 | D:3      | Killed Natasha
  3677 | D:3      | Reached XP level 6. HP: 34/41 MP: 9/9
  3971 | D:3      | Noticed Natasha
  3975 | D:3      | Killed Natasha
  3986 | D:3      | Noticed Natasha
  4084 | D:3      | Killed Natasha
  4408 | D:4      | Found an ornate altar of the Wu Jian Council.
  4855 | D:5      | Entered Level 5 of the Dungeon
  4855 | D:5      | Found Vogekyi's General Store.
  4859 | D:5      | Reached XP level 7. HP: 46/46 MP: 11/11
  4864 | D:5      | Bought a potion of heal wounds for 60 gold pieces
  4864 | D:5      | Bought a potion of curing for 36 gold pieces
  4875 | D:5      | Reached skill level 1 in Ice Magic
  4883 | D:4      | Reached skill level 5 in Unarmed Combat
  5131 | D:5      | Found a transporter.
  5158 | D:5      | Found a transporter.
  5520 | D:5      | Learned a level 4 spell: Petrify
  5637 | D:5      | Reached skill level 5 in Transmutations
  5805 | D:5      | Reached skill level 1 in Earth Magic
  5805 | D:5      | Reached XP level 8. HP: 40/54 MP: 9/12
  6616 | D:6      | !bestwep
  6769 | D:6      | HP: 1/54 [steam dragon (10)]
  6769 | D:6      | Engulfed by a steam dragon's steam

Illustrated notes .....#######.....## .....# #.....# .....# #.....### ###### #.......# #.......# #.......# #####.### #.## #@.# ##.## #..# ##+# Turn 452 on D:1: !bestwep #....o..# #.####### #.# #.# #.# #.# #.# #.# #@# #†# #.# ... #)# .... #.# ###.... #.# ....... #.# ##....... #.#######........ #...(...'..)..... Turn 2872 on D:3: !bestwep #.# #.......... #)# #.......... #.# ####.......... #.# #............. #.# ##............. #.#######.............. #...(...'..)........... #########....÷......... #<.s.).............. ##########.......... #.....##### ####### Turn 3251 on D:3: !bestwep

*** ,,** ,,,*
**** ,,,* **,,**
,,** *,,,,* ,,**
#######*,,,* ,,,*
##.....#*,,**
,,,*
#.....@#*,,**
,,,*
#......+,,,,*
,,**
***##.....#*,,,*
,,**
**,,*#.....#*,,**
,,,*
*,,,.......#*,,**
,,,*
*,,.........,,,,*
,,,*
**,.##......,,,,*
,,,*
**,,*#.....#*,,**
,,**
*,,,**,,,,,**,,**


Turn 6616 on D:6: !bestwep

Levels and vault maps discovered:
D:1:      ncdulo_smallfort, layout_basic
D:2:      layout_rooms, shapermc_ecumenical_altar_mp_highgroup
D:3:      layout_basic, uniq_natasha
D:4:      layout_basic, old_standard_altar
D:5:      gammafunk_wand_slinger, layout_loops_ring, serial_shops,
          nicolae_stop_n_shop_2
D:6:      layout_gridville, temple_green, uniq_grinder

Skill      XL: |  1  2  3  4  5  6  7  8 |
---------------+-------------------------+-----
Stealth        | 1 2 3 |  3.0
Fighting       | 2 3 4 |  4.0
Unarmed Combat | 4 5 |  5.6
Transmutations | 3 5 |  5.6
Spellcasting   | 3 |  3.0
Ice Magic      | 2 |  2.7
Earth Magic    | 1 |  1.8
Dodging        | |  2.0

Action                   |  1- 3 |  4- 6 |  7- 9 || total
-------------------------+-------+-------+-------++-------
Melee: Unarmed           |    63 |    31 |    44 ||   138
       Constrict         |    14 |    21 |     6 ||    41
       Tentacles         |    14 |    13 |     6 ||    33
       Kick              |    18 |    21 |     8 ||    47
       Punch             |     1 |     4 |       ||     5
       Flail             |       |    10 |       ||    10
       Trident           |       |    68 |    50 ||   118
 Fire: Hunting sling     |    34 |    46 |     6 ||    86
 Cast: Beastly Appendage |    18 |    27 |     9 ||    54
       Spider Form       |       |     2 |     6 ||     8
  Use: Scroll            |       |     5 |    10 ||    15
 Stab: Sleeping          |     1 |    11 |     1 ||    13
Armor: Skin              |    10 |       |     1 ||    11
Dodge: Dodged            |    64 |    47 |    74 ||   185

Table legend: (Time is in decaauts)
 A = Elapsed time spent in this place.
 B = Non-inter-level travel time spent in this place.
 C = Inter-level travel time spent in this place.
 D = Time resting spent in this place.
 E = Time spent auto-exploring this place.
 F = Levels seen in this place.
 G = Mean time per level.
                   A        B        C        D        E       F      G
               +--------+--------+--------+--------+--------+-----+--------+
         Total |   6822 |   6591 |    231 |   1402 |   3971 |   6 | 1137.0 |
       Dungeon |   6822 |   6591 |    231 |   1402 |   3971 |   6 | 1137.0 |
               +--------+--------+--------+--------+--------+-----+--------+

Top non-repeatable levels by time:
     D:1: 1723 daAuts
     D:5: 1396 daAuts
     D:2: 1302 daAuts
     D:3: 1182 daAuts
     D:4: 1057 daAuts
     D:6: 160 daAuts
